[Event "January 9 Late 2024"]
[Site "https://www.chess.com"]
[Date "2024.01.09"]
[Round "9"]
[White "Deac, Bogdan-Daniel"]
[Black "Velikanov, Alexander"]
[Result "1-0"]
[Board "17"]
[TimeControl "180+1"]
[WhiteFideId "1226380"]
[BlackFideId "2039290"]
[WhiteElo "3004"]
[BlackElo "2816"]
[WhiteTeam "ROU"]
[BlackTeam "USA"]
[WhiteClock "0:02:14"]
[BlackClock "0:01:55"]

1. b3 e5 2. Bb2 Nc6 3. Nf3 e4 4. Nd4 Nf6 5. e3 d5 6. Nxc6 bxc6 7. d3 Bf5 8. Nd2 Bb4 9. a3 Bxd2+ 10. Qxd2 O-O 11. Qc3 Qd6 12. Be2 Rfe8 13. g4 d4 14. Qxd4 Qxd4 15. Bxd4 Bxg4 16. Bxf6 Bxe2 17. Rg1 exd3 18. Rxg7+ Kf8 19. Rxh7 1-0

[Event "January 9 Late 2024"]
[Site "https://www.chess.com"]
[Date "2024.01.09"]
[Round "9"]
[White "Badmatsyrenov, Oleg"]
[Black "Dominguez Perez, Leinier"]
[Result "0-1"]
[Board "18"]
[TimeControl "180+1"]
[WhiteFideId "24115762"]
[BlackFideId "3503240"]
[WhiteElo "2810"]
[BlackElo "3002"]
[WhiteTeam "FID"]
[BlackTeam "USA"]
[WhiteClock "0:00:04"]
[BlackClock "0:00:30"]

1. e4 c5 2. Nf3 d6 3. d4 cxd4 4. Nxd4 Nf6 5. Nc3 a6 6. f4 e5 7. Nf3 Nbd7 8. g4 Nxg4 9. Bc4 exf4 10. Bxf4 Be7 11. Qd2 Nde5 12. Be2 Nxf3+ 13. Bxf3 Bh4+ 14. Ke2 Ne5 15. Rhg1 Be6 16. Nd5 Bf6 17. Rad1 Rc8 18. b3 Bxd5 19. Qxd5 Rxc2+ 20. Rd2 Rxd2+ 21. Bxd2 Qd7 22. Rg3 O-O 23. Bg2 Qe7 24. Bb4 Rd8 25. Bh3 Ng6 26. Bf5 Nf4+ 0-1

[Event "January 9 Late 2024"]
[Site "https://www.chess.com"]
[Date "2024.01.09"]
[Round "9"]
[White "Salem, A.R. Saleh"]
[Black "Ivanisevic, Ivan"]
[Result "1-0"]
[Board "19"]
[TimeControl "180+1"]
[WhiteFideId "9301348"]
[BlackFideId "912417"]
[WhiteElo "2972"]
[BlackElo "2795"]
[WhiteTeam "UAE"]
[BlackTeam "SRB"]
[WhiteClock "0:00:05"]
[BlackClock "0:00:00"]

1. d4 Nf6 2. c4 d6 3. Nc3 e5 4. Nf3 Nc6 5. d5 Ne7 6. e4 Ng6 7. g3 Be7 8. h4 h6 9. Be2 c6 10. Nh2 Bd7 11. Be3 Qc8 12. Rc1 cxd5 13. cxd5 Bd8 14. O-O O-O 15. h5 Nh8 16. f4 Bh3 17. Rf2 Bb6 18. Bxb6 axb6 19. fxe5 Nd7 20. Nb5 Qb8 21. exd6 Ne5 22. Rc7 Rxa2 23. Bf1 Bd7 24. Nc3 Ra5 25. Qd4 f6 26. Nf3 Nhf7 27. Nxe5 Nxe5 28. Qxb6 Ra1 29. Qxb7 Qe8 30. Kg2 Kh8 31. Be2 Rf7 32. Qb6 Qf8 33. Rb7 Be8 34. Rb8 Nd7 35. Qd8 Nxb8 36. Qxb8 Bd7 37. Qxf8+ Rxf8 38. e5 Rd8 39. e6 Be8 40. d7 Bxd7 41. exd7 Rxd7 42. Bg4 Rd6 43. Re2 Kg8 44. Bf5 Kf8 45. Bg6 Rd8 46. Nb5 Ra6 47. Nc7 1-0

[Event "January 9 Late 2024"]
[Site "https://www.chess.com"]
[Date "2024.01.09"]
[Round "9"]
[White "Kollars, Dmitrij"]
[Black "Krzyzanowski, Marcin"]
[Result "0-1"]
[Board "20"]
[TimeControl "180+1"]
[WhiteFideId "12909572"]
[BlackFideId "1132199"]
[WhiteElo "2971"]
[BlackElo "2789"]
[WhiteTeam "GER"]
[BlackTeam "POL"]
[WhiteClock "0:00:00"]
[BlackClock "0:00:35"]

1. e4 e5 2. Nf3 Nc6 3. Bb5 a6 4. Ba4 d6 5. O-O Bd7 6. c4 g6 7. Bxc6 bxc6 8. d4 exd4 9. Qxd4 Qf6 10. e5 dxe5 11. Qxe5+ Qxe5 12. Nxe5 Be6 13. Re1 Bg7 14. Nxc6 Ne7 15. Nxe7 Kxe7 16. Bg5+ Kd7 17. Nc3 Bxc3 18. bxc3 Bxc4 19. Re7+ Kc6 20. Bf4 Rac8 21. Re4 Be6 22. Ra4 Ra8 23. h4 Rhb8 24. Be5 a5 25. f3 Rb2 26. a3 Rc2 27. Rb1 Ba2 28. Rd1 Bb3 29. Rf4 Re8 30. Rf6+ Be6 31. a4 Rb8 32. Rd4 Rbb2 33. Rg4 Kd7 34. Rg5 h6 35. Rg3 Rb1+ 36. Kh2 Rcc1 37. Rg4 Bxg4 38. fxg4 Rh1+ 39. Kg3 Rhe1 40. Bd4 Ke7 41. Ra6 Re2 42. Kf3 Rbb2 43. g3 Ra2 44. Rxa5 Ke6 45. Ra6+ Kd5 46. h5 c5 47. Be3 Rec2 48. hxg6 fxg6 49. Rxg6 Rxc3 50. Rxh6 Raa3 51. Rh5+ Ke6 52. Kf4 Rxe3 53. Rxc5 Rec3 0-1

[Event "January 9 Late 2024"]
[Site "https://www.chess.com"]
[Date "2024.01.09"]
[Round "9"]
[White "Alekseenko, Kirill"]
[Black "Nagare Kaivalya Sandip"]
[Result "0-1"]
[Board "21"]
[TimeControl "180+1"]
[WhiteFideId "4135539"]
[BlackFideId "25957929"]
[WhiteElo "2942"]
[BlackElo "2751"]
[WhiteTeam "AUT"]
[BlackTeam "IND"]
[WhiteClock "0:00:02"]
[BlackClock "0:00:20"]

1. e4 e5 2. Nf3 Nc6 3. Bc4 Nf6 4. d3 Be7 5. Nc3 O-O 6. O-O d6 7. a3 h6 8. h3 Be6 9. Re1 Qd7 10. Nd5 Rfe8 11. b4 Rad8 12. c3 Nh7 13. a4 Ng5 14. a5 a6 15. Nxe7+ Qxe7 16. Bxg5 hxg5 17. Bxe6 fxe6 18. Qd2 Rf8 19. Qxg5 Qf7 20. Qe3 Qh5 21. Nh2 Ne7 22. Qe2 Qf7 23. g3 Ng6 24. Kg2 d5 25. Rad1 d4 26. c4 Qe7 27. Rb1 Rf7 28. b5 Rdf8 29. Ng4 Rf3 30. bxa6 bxa6 31. Qxf3 Rxf3 32. Kxf3 Qa3 33. Red1 Qxa5 34. Ra1 Qb6 35. Rdb1 Qd6 36. Ra5 Kh7 37. Rba1 Qb4 38. Rxa6 Qd2 39. R6a3 Qc2 40. R1a2 Qd1+ 41. Kg2 Qb1 42. Nh2 Ne7 43. Nf3 Nc6 44. Ra1 Qc2 45. R1a2 Qb1 46. h4 Qd1 47. Ra1 Qc2 48. Ng5+ Kh6 49. Ra6 Nb4 50. Rxe6+ Kh5 51. Ra8 Nxd3 52. Rh8+ Kg4 53. Nh3 Ne1+ 54. Kh2 Qxe4 55. Nf4 Nf3+ 56. Kg2 Ng5+ 57. Kh2 Nxe6 58. Nxe6 Qf5 59. Rg8 Qxf2+ 60. Kh1 Qf3+ 61. Kh2 Qxg3+ 62. Kh1 Qxh4+ 63. Kg1 Qg3+ 64. Kh1 Qf3+ 65. Kg1 Qd1+ 66. Kg2 Qe2+ 67. Kg1 Qxc4 68. Rxg7+ Kf5 69. Nxc7 d3 70. Ne8 Qd4+ 71. Kg2 d2 72. Rf7+ Ke6 0-1

[Event "January 9 Late 2024"]
[Site "https://www.chess.com"]
[Date "2024.01.09"]
[Round "9"]
[White "Adewumi, Tanitoluwa"]
[Black "Aravindh, Chithambaram VR."]
[Result "0-1"]
[Board "22"]
[TimeControl "180+1"]
[WhiteFideId "30966396"]
[BlackFideId "5072786"]
[WhiteElo "2724"]
[BlackElo "2937"]
[WhiteTeam "USA"]
[BlackTeam "IND"]
[WhiteClock "0:00:31"]
[BlackClock "0:01:58"]

1. e4 e5 2. Nf3 Nc6 3. Bc4 Bc5 4. O-O Nf6 5. d3 d6 6. Re1 O-O 7. h3 a6 8. c3 Ba7 9. a4 Ne7 10. Nbd2 Ng6 11. Nf1 Be6 12. Bxe6 fxe6 13. Qb3 Qd7 14. Be3 Bxe3 15. Nxe3 Nh5 16. d4 Rxf3 17. gxf3 Rf8 18. Ng2 Qf7 19. Re3 Ngf4 20. Nxf4 Nxf4 21. Kf1 Qg6 22. Ke1 Qg1+ 0-1

[Event "January 9 Late 2024"]
[Site "https://www.chess.com"]
[Date "2024.01.09"]
[Round "9"]
[White "Remizov, Yaroslav"]
[Black "Bellahcene, Bilel"]
[Result "1-0"]
[Board "23"]
[TimeControl "180+1"]
[WhiteFideId "34134015"]
[BlackFideId "696358"]
[WhiteElo "2854"]
[BlackElo "2623"]
[WhiteTeam "RUS"]
[BlackTeam "ALG"]
[WhiteClock "0:00:43"]
[BlackClock "0:00:35"]

1. e4 c5 2. Nf3 Nc6 3. Bb5 Nf6 4. Nc3 Nd4 5. Bc4 Nxf3+ 6. Qxf3 d6 7. d3 e6 8. Bf4 Be7 9. e5 dxe5 10. Bxe5 O-O 11. O-O a6 12. a4 Bd6 13. Rfe1 Bxe5 14. Rxe5 Nd7 15. Rh5 Qe7 16. Re1 Nf6 17. Rh4 Rb8 18. g4 h6 19. Qg3 Bd7 20. g5 hxg5 21. Qxg5 Rfe8 22. Re3 Kf8 23. Rg3 Qd6 24. Ne4 1-0

[Event "January 9 Late 2024"]
[Site "https://www.chess.com"]
[Date "2024.01.09"]
[Round "9"]
[White "Makarian, Rudik"]
[Black "Niedbala, Bartlomiej"]
[Result "0-1"]
[Board "24"]
[TimeControl "180+1"]
[WhiteFideId "44105681"]
[BlackFideId "21834008"]
[WhiteElo "3062"]
[BlackElo "2701"]
[WhiteTeam "FID"]
[BlackTeam "POL"]
[WhiteClock "0:00:00"]
[BlackClock "0:00:03"]

1. e4 Nf6 2. Nc3 d5 3. e5 d4 4. exf6 dxc3 5. bxc3 exf6 6. d4 Bd6 7. Bd3 O-O 8. Ne2 c5 9. O-O Nc6 10. h3 Re8 11. Be3 cxd4 12. cxd4 b6 13. c3 Bb7 14. Qd2 Rc8 15. Rfe1 Na5 16. Bf4 Nc4 17. Bxc4 Rxc4 18. Bxd6 Qxd6 19. Ng3 Rcc8 20. Rxe8+ Rxe8 21. Re1 Rxe1+ 22. Qxe1 g6 23. Qd2 Kg7 24. Nf1 f5 25. c4 f4 26. d5 Ba6 27. Nh2 b5 28. cxb5 Bb7 29. Ng4 h5 30. Qd4+ f6 31. Nh2 Qxd5 32. Qxd5 Bxd5 33. a4 Kf7 34. Nf3 Ke7 35. Nh4 Be4 36. f3 Bc2 37. a5 Kd7 38. b6 axb6 39. axb6 Kc6 40. g3 g5 41. Ng2 fxg3 42. h4 Kxb6 43. f4 gxh4 44. Ne3 Be4 45. Nf1 Kc5 46. Nd2 Bd5 47. Nf1 Kd4 48. Nd2 Ke3 49. Nf1+ Kd3 50. f5 Ke4 51. Kg2 Kxf5+ 52. Kh3 Kg6 53. Ne3 Be6+ 54. Kxh4 f5 55. Kxg3 Kg5 56. Kf2 f4 57. Nf1 Bd5 58. Nd2 h4 59. Nf1 Kg4 60. Nh2+ Kf5 61. Nf1 Kg4 62. Nh2+ Kh3 63. Nf1 Bb7 64. Nd2 Kg4 65. Nf1 Kf5 66. Nd2 Bc6 67. Nf1 h3 68. Kg1 Bg2 69. Nd2 Ke5 70. Kf2 Kd4 71. Nb3+ Ke4 72. Nc5+ Kf5 73. Nd3 Be4 74. Nc5 h2 0-1

[Event "January 9 Late 2024"]
[Site "https://www.chess.com"]
[Date "2024.01.10"]
[Round "9"]
[White "Svane, Rasmus"]
[Black "Stremavicius, Titas"]
[Result "1-0"]
[Board "25"]
[TimeControl "180+1"]
[WhiteFideId "4657101"]
[BlackFideId "12804444"]
[WhiteElo "2993"]
[BlackElo "2841"]
[WhiteTeam "GER"]
[BlackTeam "LTU"]
[WhiteClock "0:00:43"]
[BlackClock "0:00:49"]

1. Nf3 d5 2. g3 Nf6 3. Bg2 e6 4. O-O Be7 5. c4 O-O 6. b3 d4 7. e3 c5 8. Ne5 Nfd7 9. exd4 cxd4 10. Nxd7 Qxd7 11. d3 Nc6 12. Ba3 Rd8 13. Bxe7 Qxe7 14. Nd2 Rb8 15. Qe2 Qc7 16. f4 b6 17. Rae1 Bb7 18. f5 exf5 19. Rxf5 g6 20. Rf4 Nb4 21. Bxb7 Qxb7 22. Ne4 Qc7 23. a3 Nc6 24. Nf6+ Kg7 25. Nd5 Qd6 26. b4 b5 27. Rf6 Qd7 28. Rxc6 Qxc6 29. Qe5+ Kg8 30. Ne7+ 1-0

[Event "January 9 Late 2024"]
[Site "https://www.chess.com"]
[Date "2024.01.09"]
[Round "9"]
[White "Anton Guijarro, David"]
[Black "Gokerkan, Cem Kaan"]
[Result "1-0"]
[Board "26"]
[TimeControl "180+1"]
[WhiteFideId "2285525"]
[BlackFideId "6336760"]
[WhiteElo "2970"]
[BlackElo "2835"]
[WhiteTeam "ESP"]
[BlackTeam "TUR"]
[WhiteClock "0:00:07"]
[BlackClock "0:00:00"]

1. Nf3 Nf6 2. b3 g6 3. Bb2 Bg7 4. g3 b6 5. Bg2 Bb7 6. O-O O-O 7. c4 c5 8. d4 cxd4 9. Qxd4 Nc6 10. Qc3 d6 11. Rd1 Qc8 12. Qe1 Qf5 13. Nc3 Rfe8 14. Rac1 Rac8 15. h3 Qa5 16. Nd4 Ba8 17. Nc2 Qh5 18. Ne3 Nb4 19. Bxa8 Rxa8 20. Kg2 Rac8 21. Qd2 Bh6 22. Nb5 a6 23. Qxb4 axb5 24. g4 Qh4 25. cxb5 Bxe3 26. fxe3 h5 27. Qf4 hxg4 28. hxg4 Rxc1 29. Rxc1 e5 30. Qg3 Qg5 31. Kf3 Nxg4 32. Qxg4 e4+ 33. Kg3 Qxe3+ 34. Kg2 Qd2 35. Ba3 Qxa2 36. Bxd6 Qxb3 37. Rc8 Rxc8 38. Qxc8+ Kh7 39. Be5 g5 40. Qf5+ Kg8 41. Qf6 1-0

[Event "January 9 Late 2024"]
[Site "https://www.chess.com"]
[Date "2024.01.09"]
[Round "9"]
[White "Goltsev, Dmitry"]
[Black "Nguyen, Ngoc Truong Son"]
[Result "1/2-1/2"]
[Board "27"]
[TimeControl "180+1"]
[WhiteFideId "24176710"]
[BlackFideId "12401110"]
[WhiteElo "2759"]
[BlackElo "2944"]
[WhiteTeam "RUS"]
[BlackTeam "VIE"]
[WhiteClock "0:00:03"]
[BlackClock "0:00:05"]

1. e4 c5 2. Nf3 Nc6 3. d4 cxd4 4. Nxd4 e5 5. Nf5 d5 6. Qxd5 Qxd5 7. exd5 Bxf5 8. dxc6 bxc6 9. Bd3 Bxd3 10. cxd3 Nf6 11. Nc3 Bb4 12. Ke2 Bxc3 13. bxc3 Kd7 14. Rb1 Rhb8 15. Bd2 Nd5 16. c4 Nc7 17. Be3 Ne6 18. Kd2 a6 19. a4 c5 20. a5 Kc6 21. Kc3 h5 22. f3 h4 23. Rhe1 f6 24. h3 g5 25. Rf1 Ng7 26. Rfe1 Nf5 27. Bf2 Nd6 28. Be3 Ne8 29. Bf2 Ng7 30. Be3 Ne6 31. Red1 Nf8 32. Re1 Nd7 33. Bf2 Rxb1 34. Rxb1 Rb8 35. Rxb8 Nxb8 36. Kc2 Kd6 37. Kd1 Nc6 38. Be1 Nd4 39. Bc3 Ne6 40. Bd2 Nd4 41. Bc3 Nc6 42. Ke2 Ke6 43. Ke3 Kf5 44. Bd2 Kg6 45. Ke4 Ne7 46. Be3 Nc6 47. Bxc5 Nxa5 48. Kd5 Kf7 49. Bb6 Nb3 50. c5 Ke7 51. c6 a5 52. Kc4 a4 53. Kb4 Kd6 54. Bd8 f5 55. Bxg5 Kxc6 56. Bxh4 Nc5 57. Bg5 Kd5 58. h4 Nxd3+ 59. Kxa4 Ke6 60. Kb5 f4 61. h5 Kf5 62. Bh4 e4 63. fxe4+ Kxe4 64. h6 Ne5 65. h7 Nf7 66. Bf6 Kf5 67. Bg7 Kg6 68. h8=Q Nxh8 69. Bxh8 Kf5 70. Bd4 Kg4 71. Bf2 f3 72. g3 Kh3 73. Kc4 Kg2 74. Be1 Kf1 75. Bc3 Kg2 76. Be1 Kf1 77. Bc3 Kg2 78. Be1 1/2-1/2

[Event "January 9 Late 2024"]
[Site "https://www.chess.com"]
[Date "2024.01.09"]
[Round "9"]
[White "Korchmar, Vasiliy"]
[Black "Smirnov, Anton"]
[Result "1-0"]
[Board "28"]
[TimeControl "180+1"]
[WhiteFideId "24131750"]
[BlackFideId "3208923"]
[WhiteElo "2753"]
[BlackElo "2925"]
[WhiteTeam "RUS"]
[BlackTeam "AUS"]
[WhiteClock "0:00:16"]
[BlackClock "0:00:22"]

1. e4 c5 2. d4 cxd4 3. Qxd4 Nc6 4. Qd3 g6 5. Nc3 Bg7 6. Nf3 d6 7. Be2 Nf6 8. O-O O-O 9. Nd5 Nd7 10. c3 b6 11. Bg5 h6 12. Bh4 g5 13. Bg3 Nc5 14. Qe3 f5 15. exf5 Bxf5 16. Bb5 Ne5 17. Nxe5 dxe5 18. Rad1 e6 19. Nb4 Qc7 20. h4 gxh4 21. Bxh4 Qf7 22. Nc6 Rac8 23. Ne7+ Kh7 24. Nxc8 Rxc8 25. b4 Ne4 26. Rd7 Qh5 27. Bg3 Nxg3 28. Qxg3 Rg8 29. Rfd1 e4 30. Ba4 Qe2 31. Rxa7 e5 32. Bb3 Re8 33. Qxg7# 1-0

[Event "January 9 Late 2024"]
[Site "https://www.chess.com"]
[Date "2024.01.09"]
[Round "9"]
[White "Hess, Robert"]
[Black "Chirilov, James A"]
[Result "0-1"]
[Board "29"]
[TimeControl "180+1"]
[WhiteFideId "2022036"]
[BlackFideId "30976677"]
[WhiteElo "2909"]
[BlackElo "2748"]
[WhiteTeam "USA"]
[BlackTeam "USA"]
[WhiteClock "0:00:02"]
[BlackClock "0:00:02"]

1. b3 e5 2. Bb2 Nc6 3. e3 Nf6 4. Ne2 d5 5. h3 Bd6 6. d3 Bf5 7. Nd2 Qe7 8. a3 h5 9. g3 O-O-O 10. Bg2 Kb8 11. b4 Qd7 12. Nb3 h4 13. g4 Be6 14. d4 e4 15. Nc5 Bxc5 16. dxc5 Nh7 17. b5 Ne7 18. Nd4 Ng5 19. Qe2 f5 20. c6 Qd6 21. Bc3 fxg4 22. Bb4 Qe5 23. Bxe7 gxh3 24. Bxh3 Nf3+ 25. Qxf3 exf3 26. cxb7 Kxb7 27. Bxd8 Bxh3 28. Rxh3 Rxd8 29. Rxh4 Qg5 30. Rh1 Qg2 31. Rf1 g5 32. O-O-O g4 33. Ne6 Rd6 34. Nf4 Qh2 35. Nd3 Qh6 36. Rg1 Qf6 37. Kb1 Qc3 38. Rxg4 Rb6 39. Rb4 Qxa3 40. Rb3 Qd6 41. Nf4 c6 42. bxc6+ Qxc6 43. Rxd5 Rxb3+ 44. cxb3 Qc3 45. Rd7+ Kc8 46. Rd1 Qxb3+ 47. Kc1 Qc3+ 48. Kb1 Qb3+ 49. Kc1 a5 50. Rd2 Qa3+ 51. Kb1 Qb3+ 52. Kc1 a4 53. Nd3 a3 54. Rc2+ Kd8 55. Nc5 Qb4 56. Ne6+ Ke7 57. Nd4 Qe1# 0-1

[Event "January 9 Late 2024"]
[Site "https://www.chess.com"]
[Date "2024.01.09"]
[Round "9"]
[White "Christiansen, Johan-Sebastian"]
[Black "Mekhitarian, Krikor Sevag"]
[Result "0-1"]
[Board "30"]
[TimeControl "180+1"]
[WhiteFideId "1512668"]
[BlackFideId "2107660"]
[WhiteElo "2904"]
[BlackElo "2747"]
[WhiteTeam "NOR"]
[BlackTeam "BRA"]
[WhiteClock "0:00:00"]
[BlackClock "0:00:03"]

1. e4 e6 2. d4 d5 3. e5 c5 4. c3 Nc6 5. Nf3 Bd7 6. Be2 cxd4 7. cxd4 Nge7 8. Na3 Nf5 9. Nc2 Be7 10. O-O O-O 11. Bd3 f6 12. exf6 Bxf6 13. Bxf5 exf5 14. Bf4 g5 15. Bd6 Re8 16. Ne3 Be6 17. Be5 Be7 18. h3 Qd7 19. Bh2 f4 20. Ng4 Bxg4 21. hxg4 Qxg4 22. Qb3 Qf5 23. Rfe1 Bf6 24. Qxb7 Nxd4 25. Nxd4 Bxd4 26. Rad1 Bf6 27. Kh1 d4 28. f3 Rxe1+ 29. Rxe1 Rd8 30. Qb3+ Qd5 31. Qd3 Qxa2 32. Bg1 Qf7 33. Qf5 Kg7 34. Rd1 Qh5+ 35. Bh2 Qg6 36. Qa5 Rd7 37. Qb5 Qf7 38. Bg1 Qd5 39. Qd3 Re7 40. Rc1 Rd7 41. Rc8 Qf7 42. Rc1 Qh5+ 43. Bh2 Qg6 44. Qb5 Qf7 45. Rd1 d3 46. Rxd3 Rxd3 47. Qxd3 Bxb2 48. Bg1 a5 49. Qb5 Qh5+ 50. Bh2 Bc3 51. Qc5 Bb4 52. Qe5+ Kf7 53. Qf5+ Ke7 54. Qe5+ Kf8 55. Qf5+ Kg8 56. Qd5+ Kg7 57. Qe5+ Kh6 58. Qe6+ Qg6 59. Qh3+ Kg7 60. Qd7+ Qf7 61. Qd4+ Qf6 62. Qd7+ Kg6 63. Bg1 h5 64. Bd4 Qe7 65. Qc6+ Qd6 66. Qe4+ Kh6 67. Kh2 g4 0-1

[Event "January 9 Late 2024"]
[Site "https://www.chess.com"]
[Date "2024.01.09"]
[Round "9"]
[White "Khatoev, Eduard"]
[Black "Tari, Aryan"]
[Result "0-1"]
[Board "31"]
[TimeControl "180+1"]
[WhiteFideId "24145076"]
[BlackFideId "1510045"]
[WhiteElo "2731"]
[BlackElo "2896"]
[WhiteTeam "RUS"]
[BlackTeam "NOR"]
[WhiteClock "0:00:04"]
[BlackClock "0:00:11"]

1. Nf3 a6 2. e3 d5 3. b3 Nf6 4. Bb2 Bf5 5. d4 e6 6. Bd3 Bxd3 7. Qxd3 Nbd7 8. O-O c6 9. c4 Bd6 10. c5 Bc7 11. Nc3 e5 12. e4 dxe4 13. Nxe4 O-O 14. Nxf6+ Nxf6 15. Qc2 e4 16. Ne5 Qd5 17. Rad1 Rae8 18. Rfe1 Re6 19. h3 Ne8 20. Qxe4 Qxe4 21. Rxe4 f6 22. f4 fxe5 23. dxe5 Nf6 24. Rb4 Nd5 25. Rxb7 Bd8 26. g3 g5 27. Rb8 gxf4 28. gxf4 Rg6+ 29. Kh2 Bh4 30. Rxf8+ Kxf8 31. Bc1 Rg3 32. f5 Rf3 33. f6 Rf2+ 34. Kh1 Kf7 35. Rg1 Ke6 36. Rg7 Rf1+ 37. Rg1 Rxg1+ 38. Kxg1 Nc3 39. Kg2 Ne4 40. Be3 Bg5 41. Bd4 Kd5 42. Bb2 Nxc5 43. Kg3 Ke6 44. h4 Bh6 45. Kg4 Nd3 46. Ba1 Nxe5+ 47. Bxe5 Kxe5 48. Kh5 Bf8 49. Kg5 Ke6 50. h5 Ke5 51. f7 Ke6 52. Kf4 Kxf7 53. Ke4 Ke7 54. Ke5 Bg7+ 55. Ke4 Bb2 56. Kf5 Bc1 57. Ke5 Kd7 58. Kf6 Kd6 59. Kg7 h6 60. Kf6 Kc5 61. Ke5 Kb4 62. Kd6 c5 63. Ke7 a5 64. Ke6 a4 65. bxa4 Kxa4 66. Kd5 Kb4 67. Ke4 c4 68. Kd4 c3 69. Kd3 Bd2 70. Kc2 Kc4 71. Kb1 Kd3 72. a3 c2+ 73. Kb2 c1=Q+ 0-1

[Event "January 9 Late 2024"]
[Site "https://www.chess.com"]
[Date "2024.01.09"]
[Round "9"]
[White "Kuzubov, Yuriy"]
[Black "Vestby-Ellingsen, Mads"]
[Result "1/2-1/2"]
[Board "32"]
[TimeControl "180+1"]
[WhiteFideId "14112906"]
[BlackFideId "1520857"]
[WhiteElo "2881"]
[BlackElo "2681"]
[WhiteTeam "UKR"]
[BlackTeam "NOR"]
[WhiteClock "0:00:33"]
[BlackClock "0:00:11"]

1. d4 d5 2. c4 c5 3. cxd5 Qxd5 4. Nf3 cxd4 5. Nc3 Qa5 6. Nxd4 Nf6 7. g3 e5 8. Nb3 Qc7 9. Bg2 Bb4 10. O-O Bxc3 11. bxc3 O-O 12. Bg5 Nbd7 13. Rc1 h6 14. Be3 Rd8 15. c4 Nf8 16. Qc2 Bd7 17. Rb1 Rac8 18. Rfc1 b6 19. c5 bxc5 20. Qxc5 Qxc5 21. Nxc5 Bf5 22. Rb3 Ng4 23. h3 Nxe3 24. Rxe3 Nd7 25. Rec3 Nxc5 26. Rxc5 Rd1+ 27. Rxd1 Rxc5 28. Rd8+ Kh7 29. Rd5 Rxd5 30. Bxd5 Kg6 31. g4 Bd7 32. a3 Kf6 33. Kf1 h5 34. f3 hxg4 35. hxg4 Be6 36. Be4 Ke7 37. Ke1 Kd6 38. Kd2 Kc5 39. Kc3 Bc4 40. e3 g5 41. Ba8 f6 42. Be4 Be2 43. Ba8 Bb5 44. Be4 a5 45. Ba8 Be2 46. Kd2 Ba6 47. Kc2 Kc4 48. Be4 Kc5 49. Kc3 Bc4 50. Ba8 Ba6 51. Be4 Bb5 52. Bf5 Bc6 53. Be4 Bxe4 54. fxe4 a4 55. Kd3 Kb5 56. Kd2 Kc4 57. Kc2 Kb5 58. Kd3 Kc5 59. Kc3 Kb5 60. Kd3 Kc5 61. Kc3 Kb5 62. Kd3 1/2-1/2

[Event "January 9 Late 2024"]
[Site "https://www.chess.com"]
[Date "2024.01.09"]
[Round "9"]
[White "Troff, Kayden"]
[Black "Lin, Bryan Enming"]
[Result "1-0"]
[Board "33"]
[TimeControl "180+1"]
[WhiteFideId "2047896"]
[BlackFideId "30987121"]
[WhiteElo "2835"]
[BlackElo "2594"]
[WhiteTeam "USA"]
[BlackTeam "USA"]
[WhiteClock "0:01:25"]
[BlackClock "0:00:49"]

1. d4 Nf6 2. Nf3 g6 3. Bg5 Bg7 4. Nc3 d5 5. Bxf6 exf6 6. g3 O-O 7. Bg2 c6 8. O-O f5 9. e3 Nd7 10. h4 Nf6 11. Rc1 Ne4 12. Ne2 Qa5 13. a3 Qb6 14. b3 Qa5 15. a4 Nc3 16. Qe1 Nxe2+ 17. Qxe2 Be6 18. h5 Bf6 19. Ne1 f4 20. gxf4 Rfe8 21. Kh2 Bf5 22. Nf3 Bg4 23. hxg6 hxg6 24. Kg3 Bf5 25. Ne5 Kg7 26. Bh3 Bh4+ 27. Kg2 Bxh3+ 28. Kxh3 Rh8 29. Kg2 Bf6 30. Rh1 Qc3 31. Qd3 Qb2 32. Ng4 Be7 33. Ra1 Rxh1 34. Rxh1 Rh8 35. Rxh8 Kxh8 36. f5 gxf5 37. Qxf5 Kg7 38. Qe5+ 1-0

[Event "January 9 Late 2024"]
[Site "https://www.chess.com"]
[Date "2024.01.09"]
[Round "9"]
[White "Sowa, Ryan"]
[Black "Bok, Benjamin"]
[Result "1-0"]
[Board "34"]
[TimeControl "180+1"]
[WhiteFideId "30901693"]
[BlackFideId "1017063"]
[WhiteElo "2599"]
[BlackElo "2926"]
[WhiteTeam "USA"]
[BlackTeam "NED"]
[WhiteClock "0:00:12"]
[BlackClock "0:00:07"]

1. Nf3 d5 2. b3 Bf5 3. Bb2 e6 4. c4 Nf6 5. g3 Be7 6. Bg2 O-O 7. O-O h6 8. d3 Bh7 9. Nbd2 a5 10. a3 c6 11. Qc2 Nbd7 12. Ne5 Bd6 13. Nxd7 Nxd7 14. Bc3 Qe7 15. Qb2 Nf6 16. Be5 Rfe8 17. Rfb1 Bg6 18. Nf3 Bh5 19. h3 Bxf3 20. Bxf3 Bxe5 21. Qxe5 Nd7 22. Qb2 Qd6 23. cxd5 exd5 24. b4 axb4 25. axb4 g6 26. b5 c5 27. Rxa8 Rxa8 28. Ra1 Rxa1+ 29. Qxa1 Nb6 30. h4 h5 31. Qc1 Kg7 32. Kg2 Nd7 33. Qc3+ Nf6 34. e4 dxe4 35. dxe4 Qe7 36. e5 Ng4 37. e6+ f6 38. Bxg4 hxg4 39. Qc4 Qd6 40. Qe4 Kf8 41. Qxg4 Qd5+ 42. Kh2 Qd2 43. Kg2 Qd5+ 44. Qf3 Qxe6 45. Qxb7 c4 46. Qb8+ Kg7 47. Qc7+ Kh6 48. b6 Qe4+ 49. Kh2 Qd4 50. Qf4+ Qxf4 51. gxf4 c3 52. b7 c2 53. b8=Q 1-0

[Event "January 9 Late 2024"]
[Site "https://www.chess.com"]
[Date "2024.01.09"]
[Round "9"]
[White "Sanal, Vahap"]
[Black "Golubev, Mikhail"]
[Result "1-0"]
[Board "35"]
[TimeControl "180+1"]
[WhiteFideId "6300545"]
[BlackFideId "14100983"]
[WhiteElo "2920"]
[BlackElo "2595"]
[WhiteTeam "TUR"]
[BlackTeam "UKR"]
[WhiteClock "0:01:34"]
[BlackClock "0:00:05"]

1. e4 c5 2. Nf3 d6 3. d4 cxd4 4. Nxd4 Nf6 5. Nc3 g6 6. Be3 Bg7 7. f3 Nc6 8. Qd2 O-O 9. O-O-O d5 10. exd5 Nxd5 11. Nxc6 bxc6 12. Bd4 Bxd4 13. Qxd4 Qb6 14. Na4 Qa5 15. b3 Qc7 16. h4 h5 17. Kb2 Rb8 18. Bc4 Nf4 19. g3 Ne6 20. Bxe6 Bxe6 21. Nc5 Bd5 22. Na6 Qxg3 23. Nxb8 Rxb8 24. Rhf1 a5 25. Rde1 Rb4 26. Qc3 e6 27. a3 Rxh4 28. Qxa5 Rh2 29. Qc3 h4 30. a4 h3 31. a5 Qb8 32. a6 Qa7 33. Rh1 Rxh1 34. Rxh1 Qxa6 35. Rxh3 Kf8 36. Qf6 Qa1+ 37. Kxa1 1-0

[Event "January 9 Late 2024"]
[Site "https://www.chess.com"]
[Date "2024.01.09"]
[Round "9"]
[White "Taboas Rodriguez, Daniel"]
[Black "Chan, Yi Ren Daniel"]
[Result "1-0"]
[Board "36"]
[TimeControl "180+1"]
[WhiteFideId "2208466"]
[BlackFideId "5801583"]
[WhiteElo "2591"]
[BlackElo "2850"]
[WhiteTeam "ESP"]
[BlackTeam "SGP"]
[WhiteClock "0:00:05"]
[BlackClock "0:00:00"]

1. d4 d5 2. Nf3 Nf6 3. c4 c6 4. cxd5 cxd5 5. Nc3 a6 6. Bf4 Nc6 7. Rc1 e6 8. e3 Bd6 9. Bg3 O-O 10. Bd3 Re8 11. Ne5 Bxe5 12. dxe5 Nd7 13. f4 f6 14. Qh5 f5 15. O-O Nf8 16. Qe2 Bd7 17. Qd2 Rc8 18. Ne2 Qb6 19. Bf2 Qb4 20. Rfd1 Qxd2 21. Rxd2 Nb4 22. Bb1 Bb5 23. Nc3 Bd7 24. a3 Nc6 25. b4 Ne7 26. Rdc2 Rc6 27. Ne2 Rec8 28. Nd4 Rc4 29. Bh4 Nfg6 30. Bxe7 Nxe7 31. Ba2 Rxc2 32. Rxc2 Rxc2 33. Nxc2 Nc6 34. Kf2 Kf7 35. h3 h5 36. Kg3 a5 37. Nd4 axb4 38. Nxc6 Bxc6 39. axb4 Bb5 40. Kh4 Bf1 41. g3 Kg6 42. Bb3 Be2 43. Ba4 Kf7 44. Kg5 Bf3 45. Bb5 Bd1 46. Bd7 Be2 47. Bc8 b6 48. Bd7 Bf1 49. h4 Be2 50. Ba4 Bf3 51. Bb5 Bd1 52. Bf1 Bf3 53. Bd3 Bd1 54. Bb5 Kf8 55. Kg6 Bf3 56. Bd7 Ke7 57. Bc8 Bg4 58. Kxg7 Bf3 59. Kg6 Bg4 60. Kg5 Bd1 61. Ba6 Bf3 62. Bb5 Bg4 63. Bd3 Kf7 64. Bf1 Kg7 65. Bg2 Bd1 66. Bf1 Bf3 67. Bb5 Bd1 68. Be8 Bc2 69. Bxh5 Be4 70. Be2 Bg2 71. g4 1-0

[Event "January 9 Late 2024"]
[Site "https://www.chess.com"]
[Date "2024.01.09"]
[Round "9"]
[White "Asish Panda"]
[Black "Pichot, Alan"]
[Result "0-1"]
[Board "37"]
[TimeControl "180+1"]
[WhiteFideId "45012458"]
[BlackFideId "110973"]
[WhiteElo "2581"]
[BlackElo "2838"]
[WhiteTeam "IND"]
[BlackTeam "ESP"]
[WhiteClock "0:01:19"]
[BlackClock "0:01:49"]

1. e4 g6 2. g3 c5 3. Bg2 Nc6 4. Ne2 Bg7 5. O-O Nf6 6. c3 d5 7. exd5 Nxd5 8. d4 cxd4 9. Nxd4 Nxd4 10. cxd4 O-O 11. Nc3 Nxc3 12. bxc3 Qc7 13. Qb3 Be6 14. Qxb7 Qxc3 15. Be3 Rad8 16. Qxa7 Rd7 17. Qc5 Qxc5 18. dxc5 Bxa1 19. Rxa1 Rc8 20. c6 Rd3 21. a4 Bd5 22. Bf1 Rc3 23. Bd4 R3xc6 24. Re1 Rc1 25. Rxc1 Rxc1 26. Be3 Ra1 27. Bd4 Rd1 0-1